 Dungeon Crawl Stone Soup version 0.28-a0-938-gbc3f381ebc (webtiles) character file.

Game seed: 9562846229222280458

4511 fragbeetle the Basher (level 10, -2/64 HPs)
             Began as a Gargoyle Fighter on Nov 30, 2021.
             Was a Believer of Okawaru.
             Slain by a wyvern (5 damage)
             ... on level 9 of the Dungeon.
             The game lasted 01:07:54 (8246 turns).

fragbeetle the Basher (Gargoyle Fighter)            Turns: 8246, Time: 01:07:55

Health: -2/64      AC: 22    Str: 22    XL:     10   Next: 39%
Magic:  14/14      EV:  9    Int:  9    God:    Okawaru [**....]
Gold:   261        SH:  5    Dex: 10    Spells: 12/15 levels left

rFire   x . .      SeeInvis .   w - +0 flail (drain)
rCold   + . .      Faith    .   c - +0 buckler
rNeg    + . .      Spirit   .   K - +0 chain mail
rPois   ∞          Reflect  .   l - +0 helmet
rElec   +          Harm     .   o - +1 cloak
rCorr   .          Rampage  .   (no gloves)
Will    .....                   h - +0 pair of boots
Stlth   ..........              (no amulet)
HPRegen 0.20/turn               q - ring of ice
MPRegen 0.14/turn               (no ring)

@: invisible
A: sickness immunity, AC +7, negative energy resistance 1, electricity
resistance, torment resistance 1, petrification resistance
a: Renounce Religion, Heroism


You were on level 9 of the Dungeon.
You worshipped Okawaru.
Okawaru was pleased with you.
You visited 2 branches of the dungeon, and saw 10 of its levels.
You also visited: Sewer.

You collected 459 gold pieces.
You spent 198 gold pieces at shops.

Inventory:

Hand Weapons
 w - a +0 flail of draining (weapon)
 J - a +6 spear
 N - a +1 dagger of electrocution
 O - a +1 mace of protection
Missiles
 g - 238 stones (quivered)
 i - 12 boomerangs
 D - 2 poisoned darts
Armour
 c - a +0 buckler (worn)
 h - a +0 pair of boots (worn)
 k - a +0 plate armour
 l - a +0 helmet (worn)
 n - a +0 kite shield
 o - a +1 cloak (worn)
 K - a +0 chain mail (worn)
Jewellery
 b - a ring of positive energy
 q - a ring of ice (left hand)
Wands
 I - a wand of paralysis (8)
Scrolls
 a - a scroll of vulnerability {unknown}
 e - a scroll of summoning {unknown}
 p - 4 scrolls of enchant armour
 r - a scroll of identify
 u - a scroll of enchant weapon {unknown}
 x - a scroll of fear
 y - 2 scrolls of fog {unknown}
 z - a scroll of blinking {unknown}
 C - a scroll of silence {unknown}
 G - 2 scrolls of torment
 H - a scroll of teleportation {unknown}
 M - a scroll of amnesia {unknown}
Potions
 d - a potion of might
 j - 3 potions of ambrosia
 m - 4 potions of flight
 s - a potion of haste {unknown}
 v - 2 potions of berserk rage
 A - a potion of brilliance {unknown}
 B - a potion of cancellation {unknown}
 F - a potion of heal wounds {unknown}
 L - 2 potions of mutation {unknown}


   Skills:
 + Level 7.6 Fighting
 + Level 9.2 Maces & Flails
 - Level 1.4 Throwing
 + Level 7.1 Armour
 + Level 2.9 Dodging
 - Level 1.6 Stealth
 + Level 6.3 Shields
 + Level 3.0 Spellcasting
 + Level 3.4 Earth Magic


You had 12 spell levels left.
You knew the following spells:

 Your Spells              Type           Power      Damage    Failure   Level
a - Sandblast             Erth           14%        2d6       45%         1
b - Passwall              Tmut/Erth      3%         N/A       83%         2

Your spell library contained the following spells:

 Spells                   Type           Power      Damage    Failure   Level
 Slow                     Hex            4%         N/A       91%         1
 Sting                    Tmut/Pois      4%         1d3       91%         1
 Poisonous Vapours        Pois/Air       2%         N/A       97%         2
 Stone Arrow              Conj/Erth      8%         3d7       97%         3
 Confusing Touch          Hex            1%         N/A       99%         3
 Olgreb's Toxic Radiance  Pois           1%         N/A       100%        4
 Yara's Violent Unravell  Hex/Tmut       0%         3d3       100%        5


Dungeon Overview and Level Annotations

Branches:
Dungeon (9/15)             Temple (1/1) D:6           Sewer (visited)
   Lair: D:8-11         Orc: D:9-12

Altars:
Ashenzari
Cheibriados
Dithmenos
Elyvilon
Fedhas
Gozag
Hepliaklqana
Kikubaaqudgha
Makhleb
Nemelex Xobeh
Okawaru
Qazlal
Ru
Sif Muna
Trog
Uskayaw
Vehumet
Wu Jian
Xom
Yredelemnul
Zin
The Shining One
Beogh

Shops:
D:2 (*[:*   D:6 ::

Annotations:
D:5 3 runed translucent doors, AttackTheMoon's ghost, weakling KoDe


Innate Abilities, Weirdness & Mutations

You are immune to sickness and miasma.
Your stone body is resilient. (AC +7)
You are immune to poison.
You resist negative energy. (rN+)
You are resistant to electric shocks. (rElec)
You are resistant to unholy torment.
You are immune to petrification.


Message History

You fade into invisibility!
The gnoll hits you but does no damage.
The orc throws a stone.
The stone completely misses you.
The gnoll is engulfed in a cloud of scalding steam.
The gnoll dies!
The steam dragon breathes steam at something.
The orc throws a stone.
The stone closely misses the orc warrior.
The orc warrior is engulfed in a cloud of scalding steam.
The orc shouts!
The orc shouts!
The orc shouts!
There is an open door, spattered with blood here.
Items here: ! ) [ †.
The orc shouts!
There is a stone staircase leading down here.
You climb downwards.
There is a stone staircase leading up here.
As you read the scroll labelled BUFFYQ QUEKK, it crumbles to dust.
You assume a fearsome visage.
Nothing appears to happen.
It was a scroll of fear.
A wyvern comes into view.
You flicker for a moment.
The wyvern hisses angrily.
You block the wyvern's attack.
You hit the wyvern.
The wyvern is lightly wounded.
The wyvern bites you but does no damage.
You hit the wyvern but do no damage. You drain the wyvern.
The wyvern is moderately wounded.
The wyvern bites you!
* * * LOW HITPOINT WARNING * * *
The wyvern bites you but does no damage.
You barely miss the wyvern.
The wyvern is moderately wounded.
You block the wyvern's attack.
You fade further into invisibility.
The wyvern closely misses you. The wyvern bites you.
You die...

############## ##
#............### ##..
#.............. ....
#............#####...
#............#.....#
#..............#... ##
#..........#...#.##....
.......<...#.##@.....#
#........##...l..#...#
#............#...# #..
###.######...#.### #
#.##... #.....#.
......#.# .....##. .
...... ..#.


You could see a wyvern (drained).

Vanquished Creatures
  Harold (D:8)
  2 centaur zombies
  Grum (D:8)
  A water moccasin (D:7)
  An orc warrior (D:7)
  2 sky beasts
  2 black bears
  3 wolves (D:7)
  2 ogres (D:6)
  2 centaurs
  A phantom (D:5)
  2 kobold brigands
  A bullfrog (D:7)
  A gnoll sergeant (D:6)
  6 scorpions
  2 water moccasin skeletons (D:6)
  3 howler monkeys
  2 bullfrog skeletons
  3 gnoll shamans
  An orc priest (D:5)
  8 hounds
  4 iguanas (D:5)
  5 orc wizards
  A howler monkey skeleton (D:7)
  14 gnolls
  8 adders
  2 river rats (D:5)
  3 white imps
  4 ufetubi
  11 worms
  2 dart slugs
  21 orcs
  11 ball pythons
  16 endoplasms
  8 giant cockroaches
  6 goblins
  5 hobgoblins
  9 jackals
  11 kobolds
  6 quokkas
  14 bats
  2 frilled lizards
  2 rats (D:1)
212 creatures vanquished.

Vanquished Creatures (others)
  A gnoll (D:8)
  A hobgoblin (D:1)
2 creatures vanquished.

Grand Total: 214 creatures vanquished

Notes
Turn   | Place    | Note
-------+----------+-------------------------------------------
     0 | D:1      | fragbeetle the Gargoyle Fighter began the quest for the
                  | Orb.
     0 | D:1      | Reached XP level 1. HP: 14/14 MP: 1/1
   109 | D:1      | Reached XP level 2. HP: 10/19 MP: 2/2
   397 | D:1      | Reached XP level 3. HP: 23/23 MP: 3/3
   805 | D:2      | Found Noned's Book Boutique.
   861 | D:2      | Found Hiserpho's General Store.
   877 | D:2      | Found Elir's Antique Armour Boutique.
   985 | D:2      | Noticed a black bear
   998 | D:2      | Killed a black bear
   999 | D:2      | Reached skill level 3 in Maces & Flails
   999 | D:2      | Reached XP level 4. HP: 9/29 MP: 4/4
   999 | D:2      | Reached XP level 5. HP: 10/33 MP: 5/5
  1166 | D:2      | Found Atoet's Weapon Emporium.
  1185 | D:2      | Found Rifa's Assorted Antiques.
  1460 | D:3      | Found a stormy altar of Qazlal.
  2249 | D:3      | Reached skill level 1 in Stealth
  2734 | D:4      | Reached XP level 6. HP: 32/38 MP: 6/6
  2754 | D:4      | Reached skill level 4 in Maces & Flails
  3006 | D:4      | Reached skill level 1 in Dodging
  3193 | D:5      | Entered Level 5 of the Dungeon
  3225 | D:5      | Reached XP level 7. HP: 26/44 MP: 7/7
  3395 | D:5      | Found a glowing drain.
  3399 | Sewer    | Entered a sewer
  4166 | D:5      | Reached skill level 5 in Maces & Flails
  4236 | D:5      | Reached skill level 5 in Fighting
  4236 | D:5      | Reached skill level 5 in Armour
  4236 | D:5      | Reached skill level 5 in Shields
  4236 | D:5      | Reached XP level 8. HP: 29/49 MP: 8/8
  4274 | D:5      | Reached skill level 1 in Throwing
  4586 | D:5      | Reached skill level 6 in Maces & Flails
  4865 | D:5      | Found a runed translucent gate.
  4865 | D:5      | Identified the +2 ring mail of Grace {rPois Dex+7}
  4866 | D:5      | Found a runed translucent gate.
  4867 | D:5      | Found a runed translucent gate.
  4867 | D:5      | Noticed AttackTheMoon's ghost (weakling KoDe)
  4882 | D:5      | Found a glowing golden altar of the Shining One.
  5049 | D:2      | Bought a book of Geomancy for 198 gold pieces
  5055 | D:2      | Learned a level 1 spell: Sandblast
  5058 | D:2      | Learned a level 2 spell: Passwall
  5360 | D:6      | Found a staircase to the Ecumenical Temple.
  5612 | D:6      | Reached skill level 7 in Maces & Flails
  5612 | D:6      | Reached XP level 9. HP: 46/56 MP: 8/10
  5647 | D:6      | Reached skill level 1 in Earth Magic
  5691 | D:6      | Found Kikhav's Book Boutique.
  5826 | Temple   | Entered the Ecumenical Temple
  6031 | Temple   | Became a worshipper of Warmaster Okawaru
  6117 | D:7      | Reached skill level 1 in Spellcasting
  6212 | D:6      | Found Cuagos's Book Shop.
  6840 | D:6      | Reached * piety under Okawaru
  7231 | D:7      | Reached skill level 8 in Maces & Flails
  7581 | D:7      | Reached XP level 10. HP: 41/63 MP: 12/14
  7696 | D:8      | Noticed Grum
  7978 | D:8      | Killed Grum
  8149 | D:8      | Noticed Harold
  8168 | D:8      | Killed Harold
  8168 | D:8      | Reached ** piety under Okawaru
  8169 | D:8      | Reached skill level 9 in Maces & Flails
  8243 | D:9      | HP: 2/64 [wyvern (11)]
  8246 | D:9      | Slain by a wyvern

Illustrated notes

Levels and vault maps discovered:
D:1:      beargit_arrival_greenhouse, layout_loops_ring, st_stairs_2,
          lemuel_flame_loot_1
D:2:      layout_rooms, serial_shops, nicolae_diamond_shop, shop_fountains,
          shop, nicolae_shop_advertising_works [nicolae_subvault_shop_adworks],
          nicolae_shop_stone, hellmonk_ecumenical_altar_slurped_away,
          nicolae_concentric_dashed_squares_mild, roderic_roman_lattice,
          uniq_natasha
D:3:      layout_loops_corners, grunt_qazlal_clouds, serial_aquarium,
          aquarium_bridge_straight [aquarium_subvault_bridge,
          aquarium_subvault_wall, aquarium_subvault_bridge,
          aquarium_subvault_window], aquarium_window_fake, aquarium_window_fake,
          aquarium_view_2d, aquarium_balcony_5a, aquarium_pool_2, st_stairs_9
D:4:      layout_basic, st_stairs_4, nzn_random_ring
D:5:      layout_basic, biasface_ghost_orc_armoury, gup_sewer_entry_spiral,
          minmay_ruined_shrine
D:6:      layout_cave_pools, minmay_temple_entry_butterflies, serial_shops,
          nicolae_shop_behind_doors, serial_gnoll_camp, gnoll_camp_mini_basic,
          gnoll_camp_mini_basic, gnoll_camp_mini_shop, gnoll_camp_mini_house,
          gnoll_camp_mini_hut, kennysheep_path_1
D:7:      layout_loops_ring
D:8:      layout_gridville, minmay_misc_feat_secret_circle, uniq_harold,
          uniq_grum
D:9:      layout_roguey, hangedman_decor_points, chequers_avenue
Temple:   mainiacjoe_temple_circle_huts

Skill      XL: |  1  2  3  4  5  6  7  8  9 10 |
---------------+-------------------------------+-----
Fighting       | 4 5 6 7 |  7.6
Maces & Flails | 3 4 5 7 8 9 |  9.2
Shields        | 4 5 6 |  6.3
Armour         | 4 5 6 7 |  7.1
Stealth        | 1 |  1.6
Dodging        | 1 2 |  2.9
Throwing       | 1 |  1.4
Earth Magic    | 3 |  3.4
Spellcasting   | 2 3 |  3.0

Action                   |  1- 3 |  4- 6 |  7- 9 | 10-12 || total
-------------------------+-------+-------+-------+-------++-------
Melee: Flail             |   122 |   143 |   260 |    89 ||   614
       Whip              |       |    89 |   315 |       ||   404
Throw: Boomerang         |       |    16 |     1 |       ||    17
 Cast: Sandblast         |       |       |    21 |     3 ||    24
Invok: Heroism           |       |       |       |     1 ||     1
  Use: Potion            |     2 |     1 |     3 |     2 ||     8
       Scroll            |       |     3 |     3 |     2 ||     8
Armor: Scale mail        |    65 |   148 |   279 |       ||   492
       Chain mail        |       |       |    69 |    52 ||   121
Dodge: Dodged            |    70 |    92 |   279 |    51 ||   492
Block: Buckler           |    39 |    47 |   149 |    25 ||   260

Table legend: (Time is in decaauts)
 A = Elapsed time spent in this place.
 B = Non-inter-level travel time spent in this place.
 C = Inter-level travel time spent in this place.
 D = Time resting spent in this place.
 E = Time spent auto-exploring this place.
 F = Levels seen in this place.
 G = Mean time per level.
                   A        B        C        D        E       F      G
               +--------+--------+--------+--------+--------+-----+--------+
         Total |   8466 |   8466 |      0 |    783 |    502 |  11 |  769.6 |
       Dungeon |   7385 |   7385 |      0 |    647 |    502 |   9 |  820.6 |
        Temple |    253 |    253 |      0 |      0 |      0 |   1 |  253.0 |
         Sewer |    827 |    827 |      0 |    136 |      0 |   1 |  827.0 |
               +--------+--------+--------+--------+--------+-----+--------+

Top non-repeatable levels by time:
     D:5: 1678 daAuts
     D:3: 1348 daAuts
     D:6: 947 daAuts
   Sewer: 827 daAuts
     D:1: 782 daAuts
     D:7: 780 daAuts
     D:4: 759 daAuts
     D:2: 738 daAuts
     D:8: 324 daAuts
  Temple: 253 daAuts
     D:9: 25 daAuts
